Stars vs Wild

Created - 20 septembre 2021 at 13:26

Simulating a Pre-Season

Goals
1 2 3 T
Stars 2 3 1 6
Wild 0 0 1 1
Shots
1 2 3 T
Stars 11 19 7 37
Wild 5 10 22 37

1st period

1. Stars , Brandon Sutter 1 (Dylan Strome 1) at 4:04
2. Stars , Thomas Chabot 1 (Paul Byron 1, Thomas Greiss) at 19:31 (PP)

Penalties :
Patrice Bergeron (MIW) for Slashing (Minor) at 10:01, Nic Petan (MIW) for Tripping (Minor) at 18:59

2nd period

3. Stars , Jay Beagle 1 (Alec Martinez 1, Colin Blackwell 1) at 0:51
4. Stars , Mikko Rantanen 1 (Brendan Gallagher 1, Ryan Strome 1) at 10:32
5. Stars , Brendan Gallagher 1 (Marc Staal 1, Mikko Rantanen 1) at 14:04

Penalties :
No Penalty

3rd period

6. Stars , Marc Staal 1 (Paul Byron 2, Dylan Strome 2) at 13:11
7. Wild , Nikita Kucherov 1 (Jack Eichel 1, Patrice Bergeron 1) at 16:37

Penalties :
No Penalty

Goalie Stats

Thomas Greiss (DAL), 36 saves from 37 shots - (0,973), W, 1-0-0, 60:00 minutes
Linus Ullmark (MIW), 31 saves from 37 shots - (0,838), L, 0-1-0, 60:00 minutes

Players Stats for Stars

Player Name              G  A  P  +/- PIM S  H  SB GA TA FO     MP     PP MP  PK MP  
------------------------------------------------------------------------------------
Adam Henrique            0  0  0  -1  0   5  0  1  0  0  8/12   16:30   1:21   0:00 
Alec Martinez            0  1  1   3  0   2  1  3  1  1  0/0    18:14   1:44   0:00 
Brandon Sutter           1  0  1   2  0   1  0  0  1  0  4/8    14:47   0:07   0:00 
Brendan Gallagher        1  1  2   2  0   2  0  1  0  1  1/2    21:04   1:03   0:00 
Chris Tanev              0  0  0  -1  0   0  1  0  0  1  0/0    23:10   0:00   0:00 
Colin Blackwell          0  1  1   1  0   0  1  0  0  1  2/3     7:39   0:00   0:00 
Danny DeKeyser           0  0  0   1  0   0  1  0  0  1  0/0    13:40   0:00   0:00 
Dylan Strome             0  2  2   2  0   4  0  0  1  0  0/0    14:47   0:07   0:00 
J.T. Compher             0  0  0  -1  0   2  0  0  0  0  0/1    16:12   1:03   0:00 
Jay Beagle               1  0  1   1  0   1  0  0  0  0  0/0     7:39   0:00   0:00 
Joe Thornton             0  0  0  -1  0   4  3  0  0  0  0/0    15:18   0:07   0:00 
Luke Witkowski           0  0  0   1  0   0  4  1  0  2  0/0    14:29   0:47   0:00 
Marc Staal               1  1  2   4  0   3  1  2  0  2  0/0    21:26   0:47   0:00 
Max Jones                0  0  0   1  0   0  0  0  0  0  0/0     7:39   0:00   0:00 
Mikko Rantanen           1  1  2   2  0   5  0  1  1  0  0/2    21:22   1:21   0:00 
Paul Byron               0  2  2   2  0   0  1  0  1  1  1/2    15:41   1:03   0:00 
Ryan Strome              0  1  1   2  0   5  0  2  1  1  7/30   21:22   1:21   0:00 
Thomas Chabot            1  0  1   0  0   3  0  3  1  0  0/0    29:01   1:44   0:00 

Players Stats for Wild

Player Name              G  A  P  +/- PIM S  H  SB GA TA FO     MP     PP MP  PK MP  
------------------------------------------------------------------------------------
Adrian Kempe             0  0  0   1  0   2  2  0  0  0  0/0    14:53   0:00   0:00 
Alexander Edler          0  0  0  -1  0   0  3  1  0  1  0/0    28:32   0:00   1:38 
Alexandre Carrier        0  0  0   0  0   0  0  0  0  1  0/0     5:33   0:00   0:00 
Brad Marchand            0  0  0  -1  0   8  3  1  3  0  1/2    22:00   0:00   1:25 
Brandon Carlo            0  0  0   0  0   0  1  0  0  0  0/0    12:17   0:00   0:00 
Brayden McNabb           0  0  0   0  0   2  0  1  0  0  0/0    12:17   0:00   0:00 
Chris Tierney            0  0  0  -1  0   2  0  1  1  0  1/4    10:13   0:00   0:18 
Devon Toews              0  0  0  -3  0   1  2  3  0  2  0/0    18:45   0:00   0:53 
Elias Lindholm           0  0  0  -1  0   3  1  1  0  0  1/2    21:38   0:00   1:02 
Jack Eichel              0  1  1   1  0   2  3  0  0  0  8/14   14:53   0:00   0:00 
Jack Studnicka           0  0  0   0  0   0  0  0  0  0  0/0     0:00   0:00   0:00 
Jesper Fast              0  0  0  -3  0   2  1  0  1  0  0/0    12:05   0:00   0:00 
Jordan Greenway          0  0  0  -3  0   3  0  1  0  0  0/1    12:54   0:00   0:49 
Mario Ferraro            0  0  0  -3  0   1  1  1  0  1  0/0    19:11   0:00   0:53 
Mattias Ekholm           0  0  0  -1  0   0  1  1  1  1  0/0    23:25   0:00   1:38 
Nic Petan                0  0  0  -1  2   2  0  1  2  0  0/0     9:54   0:00   0:00 
Nikita Kucherov          1  0  1   1  0   2  3  0  0  0  0/0    15:57   0:00   1:03 
Pat Maroon               0  0  0  -1  0   1  4  0  1  0  0/0     9:58   0:00   0:03 
Patrice Bergeron         0  1  1  -1  2   5  5  0  2  0  25/33  20:57   0:00   0:22 
William Nylander         0  0  0  -3  0   1  0  0  0  1  1/4    12:05   0:00   0:00 

3 Stars

1 - Marc Staal (DAL)
2 - Thomas Greiss (DAL)
3 - Brendan Gallagher (DAL)

Power Play

Stars - 1 on 2 Attempt(s) - 50,00%
Wild - 0 on 0 Attempt(s) - 0,00%

Penalty Kill

Stars - 0 on 0 Attempt(s) - 0,00% - Score 0 goal in Penalty Kill
Wild - 1 on 2 Attempt(s) - 50,00% - Score 0 goal in Penalty Kill

Team Stat

Stars - Hits : 13 - Faceoff Wins : 23 - Blocked Shots : 14 - Penalty Minutes : 0
Wild - Hits : 30 - Faceoff Wins : 37 - Blocked Shots : 12 - Penalty Minutes : 4

Official

Referees : Andrew Wilk and Kenny Anderson
Linesman : Luke Murray and Derek Wahl

Game Notes

No Game Note

Stars

5 vs 5 Forward 
   Center                   Left Wing                Right Wing               Time % Phy DF OF 
 1 Ryan Strome              Mikko Rantanen           Brendan Gallagher        35     1   2  2  
 2 Adam Henrique            Joe Thornton             J.T. Compher             27     1   2  2  
 3 Brandon Sutter           Dylan Strome             Paul Byron               25     1   2  2  
 4 Colin Blackwell          Max Jones                Jay Beagle               13     1   2  2  

5 vs 5 Defense 
   Defense                  Defense                                           Time % Phy DF OF 
 1 Chris Tanev              Thomas Chabot                                     40     1   2  2  
 2 Marc Staal               Alec Martinez                                     30     1   2  2  
 3 Luke Witkowski           Danny DeKeyser                                    20     1   2  2  
 4 Marc Staal               Thomas Chabot                                     10     1   2  2  

PowerPlay Forward 
   Center                   Left Wing                Right Wing               Time % Phy DF OF 
 1 Ryan Strome              Adam Henrique            Mikko Rantanen           60     1   2  2  
 2 J.T. Compher             Paul Byron               Brendan Gallagher        40     1   2  2  

PowerPlay Defense
   Defense                  Defense                                           Time % Phy DF OF 
 1 Alec Martinez            Thomas Chabot                                     60     1   2  2  
 2 Marc Staal               Luke Witkowski                                    40     1   2  2  

Penalty Kill 4 Players Forward 
   Center                   Wing                     Time % Phy DF OF 
 1 Dylan Strome             J.T. Compher             60     1   2  2  
 2 Joe Thornton             Brendan Gallagher        40     1   2  2  

Penalty Kill 4 Players Defense
   Defense                  Defense                  Time % Phy DF OF 
 1 Luke Witkowski           Chris Tanev              60     1   2  2  
 2 Marc Staal               Danny DeKeyser           40     1   2  2  

Penalty Kill - 3 Players Forward 
   Forward                                           Time % Phy DF OF 
 1 Adam Henrique                                     60     1   2  2  
 2 Ryan Strome                                       40     1   2  2  

Penalty Kill - 3 Players Defense
   Defense                  Defense                  Time % Phy DF OF 
 1 Marc Staal               Danny DeKeyser           60     1   2  2  
 2 Chris Tanev              Luke Witkowski           40     1   2  2  

4 vs 4 Forward 
   Center                   Wing                     Time % Phy DF OF 
 1 Ryan Strome              Brendan Gallagher        60     1   2  2  
 2 Adam Henrique            Paul Byron               40     1   2  2  

4 vs 4 Defense
   Defense                  Defense                  Time % Phy DF OF 
 1 Thomas Chabot            Chris Tanev              60     1   2  2  
 2 Marc Staal               Danny DeKeyser           40     1   2  2  

Last Minutes Offensive
   Center                   Left Wing                Right Wing               Defense                  Defense                  
   Ryan Strome              Mikko Rantanen           Brendan Gallagher        Alec Martinez            Thomas Chabot            

Last Minutes Defensive
   Center                   Left Wing                Right Wing               Defense                  Defense                  
   Dylan Strome             Paul Byron               J.T. Compher             Chris Tanev              Marc Staal               

Goaltenders
Starting : Thomas Greiss            
Backup : Jaroslav Halak           

Extra Forwards
Normal : Paul Byron, Dylan Strome, Joe Thornton - PP : Paul Byron, Dylan Strome - PK : Joe Thornton
Extra Defensemen
Normal : Luke Witkowski, Thomas Chabot, Marc Staal - PP : Luke Witkowski - PK : Thomas Chabot, Marc Staal
Penalty Shots
Dylan Strome, Ryan Strome, Brendan Gallagher, Adam Henrique, J.T. Compher
Custom OT Lines Forwards
Ryan Strome, Mikko Rantanen, Brendan Gallagher, Adam Henrique, J.T. Compher, Dylan Strome, Joe Thornton, Brandon Sutter, Paul Byron, Max Jones
Custom OT Lines Defensemen
Thomas Chabot, Chris Tanev, Alec Martinez, Marc Staal, Danny DeKeyser

Scratches
Alan Quine (Healthy), Richard Panik (Healthy), Hunter Shepard (Healthy)

Wild

5 vs 5 Forward 
   Center                   Left Wing                Right Wing               Time % Phy DF OF 
 1 Patrice Bergeron         Brad Marchand            Elias Lindholm           40     1   2  2  
 2 Jack Eichel              Nikita Kucherov          Adrian Kempe             30     1   2  2  
 3 William Nylander         Jordan Greenway          Jesper Fast              20     1   2  2  
 4 Chris Tierney            Pat Maroon               Nic Petan                10     1   2  2  

5 vs 5 Defense 
   Defense                  Defense                                           Time % Phy DF OF 
 1 Alexander Edler          Mattias Ekholm                                    40     1   2  2  
 2 Mario Ferraro            Devon Toews                                       30     1   2  2  
 3 Brayden McNabb           Brandon Carlo                                     20     1   2  2  
 4 Alexandre Carrier        Alexander Edler                                   10     1   2  2  

PowerPlay Forward 
   Center                   Left Wing                Right Wing               Time % Phy DF OF 
 1 Patrice Bergeron         Brad Marchand            Elias Lindholm           60     1   2  2  
 2 Jack Eichel              Nikita Kucherov          Adrian Kempe             40     1   2  2  

PowerPlay Defense
   Defense                  Defense                                           Time % Phy DF OF 
 1 Alexander Edler          Mattias Ekholm                                    60     1   2  2  
 2 Mario Ferraro            Devon Toews                                       40     1   2  2  

Penalty Kill 4 Players Forward 
   Center                   Wing                     Time % Phy DF OF 
 1 Patrice Bergeron         Brad Marchand            60     1   2  2  
 2 Elias Lindholm           Nikita Kucherov          40     1   2  2  

Penalty Kill 4 Players Defense
   Defense                  Defense                  Time % Phy DF OF 
 1 Alexander Edler          Mattias Ekholm           60     1   2  2  
 2 Mario Ferraro            Devon Toews              40     1   2  2  

Penalty Kill - 3 Players Forward 
   Forward                                           Time % Phy DF OF 
 1 Patrice Bergeron                                  60     1   2  2  
 2 Brad Marchand                                     40     1   2  2  

Penalty Kill - 3 Players Defense
   Defense                  Defense                  Time % Phy DF OF 
 1 Alexander Edler          Mattias Ekholm           60     1   2  2  
 2 Mario Ferraro            Devon Toews              40     1   2  2  

4 vs 4 Forward 
   Center                   Wing                     Time % Phy DF OF 
 1 Patrice Bergeron         Brad Marchand            60     1   2  2  
 2 Elias Lindholm           Nikita Kucherov          40     1   2  2  

4 vs 4 Defense
   Defense                  Defense                  Time % Phy DF OF 
 1 Alexander Edler          Mattias Ekholm           60     1   2  2  
 2 Mario Ferraro            Devon Toews              40     1   2  2  

Last Minutes Offensive
   Center                   Left Wing                Right Wing               Defense                  Defense                  
   Patrice Bergeron         Brad Marchand            Elias Lindholm           Alexander Edler          Mattias Ekholm           

Last Minutes Defensive
   Center                   Left Wing                Right Wing               Defense                  Defense                  
   Patrice Bergeron         Brad Marchand            Elias Lindholm           Alexander Edler          Mattias Ekholm           

Goaltenders
Starting : Linus Ullmark            
Backup : Jake Oettinger           

Extra Forwards
Normal : Jack Studnicka, William Nylander, Jordan Greenway - PP : Jack Studnicka, William Nylander - PK : Jordan Greenway
Extra Defensemen
Normal : Brayden McNabb, Brandon Carlo, Alexandre Carrier - PP : Brayden McNabb - PK : Brandon Carlo, Alexandre Carrier
Penalty Shots
Patrice Bergeron, Brad Marchand, Elias Lindholm, Nikita Kucherov, Jack Eichel
Custom OT Lines Forwards
Patrice Bergeron, Brad Marchand, Elias Lindholm, Nikita Kucherov, Jack Eichel, Adrian Kempe, William Nylander, Jordan Greenway, Jesper Fast, Chris Tierney
Custom OT Lines Defensemen
Alexander Edler, Mattias Ekholm, Mario Ferraro, Devon Toews, Brayden McNabb

Scratches
None


% Time on Ice - Stars

Lines # - Real PCT - Wanted PCT - Time Play
Normal Forward
1 - 35% - 35% - 20:03
2 - 26% - 27% - 15:09
3 - 25% - 25% - 14:38
4 - 13% - 13% - 7:39
Normal Defense
1 - 40% - 40% - 23:10
2 - 29% - 30% - 16:32
3 - 24% - 20% - 13:40
4 - 7% - 10% - 4:07
PP Forward
1 - 58% - 60% - 1:28
2 - 42% - 40% - 1:03
PP Defense
1 - 69% - 60% - 1:44
2 - 31% - 40% - 0:47
PK Forward
1 - 0% - 60%
2 - 0% - 40%
PK Defense
1 - 0% - 60%
2 - 0% - 40%
PK3 Forward
1 - 0% - 60%
2 - 0% - 40%
PK3 Defense
1 - 0% - 60%
2 - 0% - 40%
44 Forward
1 - 0% - 60%
2 - 0% - 40%
44 Defense
1 - 0% - 60%
2 - 0% - 40%
Last Minute Offensive  - 0:00
Last Minute Defensive  - 0:00
Total
Forward - 60:00
Defense - 60:00

% Time on Ice - Wild

Lines # - Real PCT - Wanted PCT - Time Play
Normal Forward
1 - 36% - 40% - 20:36
2 - 26% - 30% - 14:53
3 - 21% - 20% - 12:05
4 - 17% - 10% - 9:55
Normal Defense
1 - 38% - 40% - 21:47
2 - 31% - 30% - 17:52
3 - 21% - 20% - 12:17
4 - 10% - 10% - 5:33
PP Forward
1 - 0% - 60%
2 - 0% - 40%
PP Defense
1 - 0% - 60%
2 - 0% - 40%
PK Forward
1 - 93% - 60% - 2:21
2 - 7% - 40% - 0:10
PK Defense
1 - 65% - 60% - 1:38
2 - 35% - 40% - 0:53
PK3 Forward
1 - 0% - 60%
2 - 0% - 40%
PK3 Defense
1 - 0% - 60%
2 - 0% - 40%
44 Forward
1 - 0% - 60%
2 - 0% - 40%
44 Defense
1 - 0% - 60%
2 - 0% - 40%
Last Minute Offensive  - 0:00
Last Minute Defensive  - 0:00
Total
Forward - 60:00
Defense - 60:00

Play-by-Play

1st period


0:01 of 1st period - Patrice Bergeron wins face-off versus Mikko Rantanen in neutral zone.
0:34 of 1st period - Alexander Edler is hit by Joe Thornton and loses puck.
0:49 of 1st period - Snap shot by J.T. Compher.
0:49 of 1st period - Shot Misses the Net.
0:57 of 1st period - Brandon Sutter is hit by Devon Toews and loses puck.
1:14 of 1st period - Slapshot by Thomas Chabot.
1:14 of 1st period - Stopped by Linus Ullmark with a rebound.
3:15 of 1st period - J.T. Compher is hit by Jack Eichel.
3:27 of 1st period - Mattias Ekholm is hit by Joe Thornton.
3:43 of 1st period - Snap shot by Dylan Strome.
3:43 of 1st period - Shot Misses the Net.
3:49 of 1st period - Paul Byron is hit by Brandon Carlo.
4:02 of 1st period - Snap shot by Brandon Sutter.
4:02 of 1st period - Shot Blocked by Mattias Ekholm.
4:04 of 1st period - Wrist shot by Brandon Sutter.
4:04 of 1st period - Goal by Brandon Sutter - Stars : 1 - Wild : 0.
4:05 of 1st period - Patrice Bergeron wins face-off versus Ryan Strome in neutral zone.
4:08 of 1st period - Snap shot by Brad Marchand.
4:08 of 1st period - Deflect By Elias Lindholm.
4:08 of 1st period - Shot Misses the Net.
4:08 of 1st period - Puck is out of play.
4:09 of 1st period - Patrice Bergeron wins face-off versus Ryan Strome in Stars zone.
4:10 of 1st period - Snap shot by Elias Lindholm.
4:10 of 1st period - Deflect By Patrice Bergeron.
4:10 of 1st period - Shot Blocked by Thomas Chabot.
4:10 of 1st period - Puck is out of play.
4:11 of 1st period - Patrice Bergeron wins face-off versus Ryan Strome in Stars zone.
4:12 of 1st period - Slapshot by Elias Lindholm.
4:12 of 1st period - Stopped by Thomas Greiss without a rebound.
4:13 of 1st period - Ryan Strome wins face-off versus Patrice Bergeron in Stars zone.
4:22 of 1st period - Snap shot by Mikko Rantanen.
4:22 of 1st period - Shot Misses the Net.
4:24 of 1st period - Slapshot by Thomas Chabot.
4:24 of 1st period - Shot Misses the Net.
4:26 of 1st period - Snap shot by Brendan Gallagher.
4:26 of 1st period - Deflect By Mikko Rantanen.
4:26 of 1st period - Deflect By Brad Marchand.
4:26 of 1st period - Stopped by Linus Ullmark with a rebound.
4:46 of 1st period - Wrist shot by Brendan Gallagher.
4:46 of 1st period - Deflect By Ryan Strome.
4:46 of 1st period - Stopped by Linus Ullmark with a rebound.
4:48 of 1st period - Slapshot by Thomas Chabot.
4:48 of 1st period - Shot Blocked by Brad Marchand.
4:52 of 1st period - Wrist shot by Mikko Rantanen.
4:52 of 1st period - Shot Misses the Net.
4:54 of 1st period - Snap shot by Marc Staal.
4:54 of 1st period - Stopped by Linus Ullmark with a rebound.
4:56 of 1st period - Wrist shot by Ryan Strome.
4:56 of 1st period - Stopped by Linus Ullmark without a rebound.
4:57 of 1st period - Adam Henrique wins face-off versus Jack Eichel in Wild zone.
5:00 of 1st period - Snap shot by J.T. Compher.
5:00 of 1st period - Shot Misses the Net.
5:02 of 1st period - Snap shot by J.T. Compher.
5:02 of 1st period - Shot Misses the Net.
5:04 of 1st period - Slapshot by J.T. Compher.
5:04 of 1st period - Stopped by Linus Ullmark with a rebound.
5:06 of 1st period - Slapshot by Danny DeKeyser.
5:06 of 1st period - Deflect By Adam Henrique.
5:06 of 1st period - Shot Misses the Net.
5:06 of 1st period - Puck is out of play.
5:07 of 1st period - Jack Eichel wins face-off versus Adam Henrique in Wild zone.
5:23 of 1st period - Wrist shot by Adam Henrique.
5:23 of 1st period - Stopped by Linus Ullmark with a rebound.
5:25 of 1st period - Snap shot by J.T. Compher.
5:25 of 1st period - Shot Blocked by Devon Toews.
5:27 of 1st period - Slapshot by Danny DeKeyser.
5:27 of 1st period - Shot Blocked by Devon Toews.
5:29 of 1st period - Snap shot by J.T. Compher.
5:29 of 1st period - Stopped by Linus Ullmark without a rebound.
5:30 of 1st period - Brad Marchand wins face-off versus Brandon Sutter in Wild zone.
6:25 of 1st period - Snap shot by Nikita Kucherov.
6:25 of 1st period - Stopped by Thomas Greiss without a rebound.
6:26 of 1st period - William Nylander wins face-off versus Colin Blackwell in Stars zone.
6:58 of 1st period - Wrist shot by Brad Marchand.
6:58 of 1st period - Shot Blocked by Alec Martinez.
7:00 of 1st period - Snap shot by Brayden McNabb.
7:00 of 1st period - Deflect By J.T. Compher.
7:00 of 1st period - Stopped by Thomas Greiss with a rebound.
7:02 of 1st period - Slapshot by Brayden McNabb.
7:02 of 1st period - Stopped by Thomas Greiss with a rebound.
7:58 of 1st period - Thomas Chabot is hit by Alexander Edler and loses puck.
8:17 of 1st period - Slapshot by Patrice Bergeron.
8:17 of 1st period - Stopped by Thomas Greiss with a rebound.
9:28 of 1st period - Snap shot by Max Jones.
9:28 of 1st period - Shot Misses the Net.
9:34 of 1st period - Marc Staal is hit by Pat Maroon and loses puck.
9:53 of 1st period - Mattias Ekholm is hit by Alec Martinez and loses puck.
10:01 of 1st period - Minor Penalty to Patrice Bergeron for Slashing.
10:02 of 1st period - Ryan Strome wins face-off versus Jordan Greenway in Wild zone.
10:33 of 1st period - Mattias Ekholm is hit by Luke Witkowski and loses puck.
11:28 of 1st period - Alec Martinez is hit by Mario Ferraro and loses puck.
12:01 of 1st period - Penalty to Patrice Bergeron is over, Patrice Bergeron is back on ice.
12:32 of 1st period - Brandon Sutter is hit by Jesper Fast and loses puck.
13:33 of 1st period - J.T. Compher is hit by Devon Toews and loses puck.
14:02 of 1st period - Paul Byron is hit by Jack Eichel and loses puck.
14:17 of 1st period - Brandon Sutter is hit by Pat Maroon.
14:29 of 1st period - Wrist shot by Paul Byron.
14:29 of 1st period - Shot Misses the Net.
14:31 of 1st period - Slapshot by Paul Byron.
14:31 of 1st period - Shot Blocked by Elias Lindholm.
14:39 of 1st period - Wrist shot by Paul Byron.
14:39 of 1st period - Shot Blocked by Jordan Greenway.
15:01 of 1st period - Paul Byron is hit by Pat Maroon and loses puck.
15:20 of 1st period - Nikita Kucherov is hit by Luke Witkowski and loses puck.
15:35 of 1st period - J.T. Compher is hit by Patrice Bergeron and loses puck.
15:40 of 1st period - Slapshot by Elias Lindholm.
15:40 of 1st period - Shot Blocked by Marc Staal.
16:15 of 1st period - Snap shot by Ryan Strome.
16:15 of 1st period - Shot Misses the Net.
16:21 of 1st period - Nic Petan is hit by Chris Tanev and loses puck.
16:31 of 1st period - Icing by Brendan Gallagher.
16:32 of 1st period - Ryan Strome wins face-off versus Elias Lindholm in Stars zone.
16:37 of 1st period - Adam Henrique is hit by Brad Marchand and loses puck.
17:06 of 1st period - Snap shot by Max Jones.
17:06 of 1st period - Deflect By Colin Blackwell.
17:06 of 1st period - Shot Misses the Net.
17:06 of 1st period - Puck is out of play.
17:07 of 1st period - Ryan Strome wins face-off versus Jack Eichel in Wild zone.
17:12 of 1st period - Wrist shot by Ryan Strome.
17:12 of 1st period - Stopped by Linus Ullmark with a rebound.
17:18 of 1st period - Mikko Rantanen is hit by Nikita Kucherov and loses puck.
17:33 of 1st period - Adam Henrique is hit by Elias Lindholm and loses puck.
17:40 of 1st period - Alexander Edler is hit by Luke Witkowski and loses puck.
18:01 of 1st period - Devon Toews is hit by Danny DeKeyser.
18:37 of 1st period - Off-side.
18:38 of 1st period - Brandon Sutter wins face-off versus Chris Tierney in neutral zone.
18:59 of 1st period - Minor Penalty to Nic Petan for Tripping.
19:00 of 1st period - Patrice Bergeron wins face-off versus Ryan Strome in Wild zone.
19:31 of 1st period - Slapshot by Thomas Chabot.
19:31 of 1st period - Goal by Thomas Chabot - Stars : 2 - Wild : 0.
19:32 of 1st period - Patrice Bergeron wins face-off versus Ryan Strome in neutral zone.
Goals for this period are 2 for Stars vs 0 for Wild.
Shots for this period are 11 for Stars vs 5 for Wild.

2nd period


0:01 of 2nd period - Patrice Bergeron wins face-off versus Ryan Strome in neutral zone.
0:26 of 2nd period - Thomas Chabot is hit by Adrian Kempe and loses puck.
0:49 of 2nd period - Backhand shot by Alec Martinez.
0:49 of 2nd period - Stopped by Linus Ullmark with a rebound.
0:51 of 2nd period - Snap shot by Jay Beagle.
0:51 of 2nd period - Goal by Jay Beagle - Stars : 3 - Wild : 0.
0:52 of 2nd period - Patrice Bergeron wins face-off versus Ryan Strome in neutral zone.
0:57 of 2nd period - Wrist shot by Elias Lindholm.
0:57 of 2nd period - Stopped by Thomas Greiss with a rebound.
0:59 of 2nd period - Wrist shot by Brad Marchand.
0:59 of 2nd period - Stopped by Thomas Greiss with a rebound.
1:01 of 2nd period - Wrist shot by Brad Marchand.
1:01 of 2nd period - Shot Blocked by Marc Staal.
1:24 of 2nd period - J.T. Compher is hit by Jack Eichel and loses puck.
2:05 of 2nd period - Backhand shot by Jordan Greenway.
2:05 of 2nd period - Stopped by Thomas Greiss with a rebound.
2:07 of 2nd period - Snap shot by Jesper Fast.
2:07 of 2nd period - Shot Misses the Net.
2:09 of 2nd period - Wrist shot by Jordan Greenway.
2:09 of 2nd period - Deflect By William Nylander.
2:09 of 2nd period - Shot Misses the Net.
2:09 of 2nd period - Puck is out of play.
2:10 of 2nd period - Elias Lindholm wins face-off versus Ryan Strome in Stars zone.
3:38 of 2nd period - Icing by Chris Tierney.
3:39 of 2nd period - Colin Blackwell wins face-off versus Chris Tierney in Wild zone.
4:45 of 2nd period - Snap shot by Brad Marchand.
4:45 of 2nd period - Stopped by Thomas Greiss without a rebound.
4:46 of 2nd period - Colin Blackwell wins face-off versus Jack Eichel in Stars zone.
4:57 of 2nd period - Slapshot by Thomas Chabot.
4:57 of 2nd period - Deflect By Nikita Kucherov.
4:57 of 2nd period - Stopped by Linus Ullmark without a rebound.
4:58 of 2nd period - Jack Eichel wins face-off versus Ryan Strome in Wild zone.
5:28 of 2nd period - Slapshot by Adam Henrique.
5:28 of 2nd period - Stopped by Linus Ullmark with a rebound.
6:08 of 2nd period - Colin Blackwell is hit by Pat Maroon.
6:32 of 2nd period - Wrist shot by Jack Eichel.
6:32 of 2nd period - Stopped by Thomas Greiss with a rebound.
6:34 of 2nd period - Wrist shot by Brayden McNabb.
6:34 of 2nd period - Shot Blocked by Ryan Strome.
6:46 of 2nd period - Brendan Gallagher is hit by Patrice Bergeron and loses puck.
7:11 of 2nd period - Snap shot by Joe Thornton.
7:11 of 2nd period - Stopped by Linus Ullmark without a rebound.
7:12 of 2nd period - Adam Henrique wins face-off versus Jack Eichel in Wild zone.
7:29 of 2nd period - Wrist shot by Adam Henrique.
7:29 of 2nd period - Stopped by Linus Ullmark with a rebound.
7:31 of 2nd period - Slapshot by Marc Staal.
7:31 of 2nd period - Deflect By Jack Eichel.
7:31 of 2nd period - Stopped by Linus Ullmark with a rebound.
7:33 of 2nd period - Snap shot by Adam Henrique.
7:33 of 2nd period - Stopped by Linus Ullmark without a rebound.
7:34 of 2nd period - Brandon Sutter wins face-off versus Patrice Bergeron in Wild zone.
7:43 of 2nd period - Wrist shot by Dylan Strome.
7:43 of 2nd period - Stopped by Linus Ullmark without a rebound.
7:44 of 2nd period - Patrice Bergeron wins face-off versus Brandon Sutter in Wild zone.
8:28 of 2nd period - Snap shot by Brad Marchand.
8:28 of 2nd period - Stopped by Thomas Greiss without a rebound.
8:29 of 2nd period - Jack Eichel wins face-off versus Ryan Strome in Stars zone.
8:43 of 2nd period - Snap shot by Ryan Strome.
8:43 of 2nd period - Shot Misses the Net.
8:45 of 2nd period - Snap shot by Brendan Gallagher.
8:45 of 2nd period - Stopped by Linus Ullmark without a rebound.
8:46 of 2nd period - Adam Henrique wins face-off versus William Nylander in Wild zone.
8:59 of 2nd period - Snap shot by Jordan Greenway.
8:59 of 2nd period - Stopped by Thomas Greiss without a rebound.
9:00 of 2nd period - Patrice Bergeron wins face-off versus Ryan Strome in Stars zone.
9:32 of 2nd period - Joe Thornton is hit by Nikita Kucherov and loses puck.
10:14 of 2nd period - Snap shot by Jay Beagle.
10:14 of 2nd period - Shot Misses the Net.
10:28 of 2nd period - Slapshot by Ryan Strome.
10:28 of 2nd period - Stopped by Linus Ullmark with a rebound.
10:30 of 2nd period - Wrist shot by Ryan Strome.
10:30 of 2nd period - Shot Blocked by Brayden McNabb.
10:32 of 2nd period - Snap shot by Brendan Gallagher.
10:32 of 2nd period - Deflect By Mikko Rantanen.
10:32 of 2nd period - Goal by Mikko Rantanen - Stars : 4 - Wild : 0.
10:33 of 2nd period - Patrice Bergeron wins face-off versus Ryan Strome in neutral zone.
12:47 of 2nd period - Jesper Fast is hit by Paul Byron.
12:52 of 2nd period - Off-side.
12:53 of 2nd period - Patrice Bergeron wins face-off versus Ryan Strome in neutral zone.
12:58 of 2nd period - Snap shot by Brad Marchand.
12:58 of 2nd period - Stopped by Thomas Greiss with a rebound.
13:00 of 2nd period - Slapshot by Mario Ferraro.
13:00 of 2nd period - Stopped by Thomas Greiss without a rebound.
13:01 of 2nd period - Patrice Bergeron wins face-off versus Ryan Strome in Stars zone.
13:06 of 2nd period - Backhand shot by Brad Marchand.
13:06 of 2nd period - Deflect By Elias Lindholm.
13:06 of 2nd period - Shot Misses the Net.
13:06 of 2nd period - Puck is out of play.
13:07 of 2nd period - Ryan Strome wins face-off versus Patrice Bergeron in Stars zone.
13:14 of 2nd period - Slapshot by Mikko Rantanen.
13:14 of 2nd period - Stopped by Linus Ullmark without a rebound.
13:15 of 2nd period - Patrice Bergeron wins face-off versus Mikko Rantanen in Wild zone.
13:34 of 2nd period - Snap shot by Patrice Bergeron.
13:34 of 2nd period - Shot Misses the Net.
14:00 of 2nd period - Wrist shot by Mikko Rantanen.
14:00 of 2nd period - Shot Blocked by Mario Ferraro.
14:02 of 2nd period - Snap shot by Marc Staal.
14:02 of 2nd period - Shot Blocked by Devon Toews.
14:04 of 2nd period - Wrist shot by Brendan Gallagher.
14:04 of 2nd period - Goal by Brendan Gallagher - Stars : 5 - Wild : 0.
14:05 of 2nd period - Jack Eichel wins face-off versus J.T. Compher in neutral zone.
14:29 of 2nd period - Icing by Danny DeKeyser.
14:30 of 2nd period - Brandon Sutter wins face-off versus William Nylander in Stars zone.
14:41 of 2nd period - Slapshot by Ryan Strome.
14:41 of 2nd period - Stopped by Linus Ullmark with a rebound.
14:43 of 2nd period - Slapshot by Luke Witkowski.
14:43 of 2nd period - Shot Misses the Net.
14:45 of 2nd period - Slapshot by Luke Witkowski.
14:45 of 2nd period - Shot Misses the Net.
14:47 of 2nd period - Slapshot by Mikko Rantanen.
14:47 of 2nd period - Stopped by Linus Ullmark with a rebound.
15:23 of 2nd period - Devon Toews is hit by Joe Thornton and loses puck.
15:38 of 2nd period - Mattias Ekholm is hit by Marc Staal and loses puck.
15:47 of 2nd period - Snap shot by Jay Beagle.
15:47 of 2nd period - Shot Blocked by Alexander Edler.
15:49 of 2nd period - Snap shot by Max Jones.
15:49 of 2nd period - Shot Blocked by Nic Petan.
15:51 of 2nd period - Slapshot by Marc Staal.
15:51 of 2nd period - Shot Misses the Net.
17:24 of 2nd period - Off-side.
17:25 of 2nd period - Chris Tierney wins face-off versus Ryan Strome in neutral zone.
17:34 of 2nd period - Snap shot by Ryan Strome.
17:34 of 2nd period - Shot Misses the Net.
18:00 of 2nd period - Snap shot by Joe Thornton.
18:00 of 2nd period - Shot Misses the Net.
18:02 of 2nd period - Snap shot by J.T. Compher.
18:02 of 2nd period - Shot Hit the Post.
18:04 of 2nd period - Snap shot by Adam Henrique.
18:04 of 2nd period - Stopped by Linus Ullmark without a rebound.
18:05 of 2nd period - Ryan Strome wins face-off versus Patrice Bergeron in Wild zone.
18:54 of 2nd period - Wrist shot by Joe Thornton.
18:54 of 2nd period - Stopped by Linus Ullmark with a rebound.
19:04 of 2nd period - Slapshot by Jesper Fast.
19:04 of 2nd period - Stopped by Thomas Greiss with a rebound.
19:21 of 2nd period - Wrist shot by Max Jones.
19:21 of 2nd period - Shot Blocked by Chris Tierney.
19:37 of 2nd period - Wrist shot by Dylan Strome.
19:37 of 2nd period - Stopped by Linus Ullmark with a rebound.
19:39 of 2nd period - Slapshot by Alec Martinez.
19:39 of 2nd period - Shot Misses the Net.
19:50 of 2nd period - Icing by Paul Byron.
19:51 of 2nd period - Patrice Bergeron wins face-off versus Brandon Sutter in Stars zone.
19:52 of 2nd period - Wrist shot by Elias Lindholm.
19:52 of 2nd period - Deflect By Paul Byron.
19:52 of 2nd period - Shot Misses the Net.
19:52 of 2nd period - Puck is out of play.
19:53 of 2nd period - Ryan Strome wins face-off versus Patrice Bergeron in Stars zone.
19:53 of 2nd period - Ryan Strome is hit by Patrice Bergeron.
Goals for this period are 3 for Stars vs 0 for Wild.
Shots for this period are 19 for Stars vs 10 for Wild.

3rd period


0:01 of 3rd period - Patrice Bergeron wins face-off versus Ryan Strome in neutral zone.
0:04 of 3rd period - Wrist shot by Patrice Bergeron.
0:04 of 3rd period - Stopped by Thomas Greiss without a rebound.
0:05 of 3rd period - Patrice Bergeron wins face-off versus Ryan Strome in Stars zone.
1:05 of 3rd period - Slapshot by Alexander Edler.
1:05 of 3rd period - Shot Misses the Net.
1:07 of 3rd period - Slapshot by Mattias Ekholm.
1:07 of 3rd period - Shot Misses the Net.
1:09 of 3rd period - Snap shot by Jordan Greenway.
1:09 of 3rd period - Shot Blocked by Thomas Chabot.
1:11 of 3rd period - Snap shot by Jordan Greenway.
1:11 of 3rd period - Stopped by Thomas Greiss with a rebound.
1:13 of 3rd period - Snap shot by Mattias Ekholm.
1:13 of 3rd period - Shot Blocked by Brendan Gallagher.
1:15 of 3rd period - Snap shot by Jesper Fast.
1:15 of 3rd period - Shot Misses the Net.
1:17 of 3rd period - Slapshot by Mattias Ekholm.
1:17 of 3rd period - Shot Misses the Net.
1:19 of 3rd period - Snap shot by Jordan Greenway.
1:19 of 3rd period - Shot Blocked by Thomas Chabot.
1:21 of 3rd period - Slapshot by William Nylander.
1:21 of 3rd period - Shot Misses the Net.
1:23 of 3rd period - Snap shot by Jesper Fast.
1:23 of 3rd period - Stopped by Thomas Greiss without a rebound.
1:24 of 3rd period - Patrice Bergeron wins face-off versus Paul Byron in Stars zone.
1:38 of 3rd period - Snap shot by Dylan Strome.
1:38 of 3rd period - Stopped by Linus Ullmark with a rebound.
1:40 of 3rd period - Slapshot by Alec Martinez.
1:40 of 3rd period - Stopped by Linus Ullmark with a rebound.
1:55 of 3rd period - Snap shot by Adam Henrique.
1:55 of 3rd period - Shot Misses the Net.
2:03 of 3rd period - Icing by Danny DeKeyser.
2:04 of 3rd period - Patrice Bergeron wins face-off versus Adam Henrique in Stars zone.
2:13 of 3rd period - Wrist shot by Patrice Bergeron.
2:13 of 3rd period - Deflect By Elias Lindholm.
2:13 of 3rd period - Shot Blocked by Adam Henrique.
2:13 of 3rd period - Puck is out of play.
2:14 of 3rd period - Patrice Bergeron wins face-off versus Brandon Sutter in Stars zone.
2:15 of 3rd period - Snap shot by Elias Lindholm.
2:15 of 3rd period - Shot Misses the Net.
2:27 of 3rd period - Snap shot by Paul Byron.
2:27 of 3rd period - Shot Misses the Net.
2:45 of 3rd period - Slapshot by Elias Lindholm.
2:45 of 3rd period - Shot Misses the Net.
3:15 of 3rd period - Snap shot by Brad Marchand.
3:15 of 3rd period - Deflect By Patrice Bergeron.
3:15 of 3rd period - Shot Misses the Net.
3:15 of 3rd period - Puck is out of play.
3:16 of 3rd period - Jack Eichel wins face-off versus Ryan Strome in Stars zone.
3:23 of 3rd period - Slapshot by Nikita Kucherov.
3:23 of 3rd period - Shot Misses the Net.
3:25 of 3rd period - Snap shot by Adrian Kempe.
3:25 of 3rd period - Stopped by Thomas Greiss without a rebound.
3:26 of 3rd period - Jack Eichel wins face-off versus Ryan Strome in Stars zone.
4:19 of 3rd period - Wrist shot by Nikita Kucherov.
4:19 of 3rd period - Deflect By Jack Eichel.
4:19 of 3rd period - Stopped by Thomas Greiss without a rebound.
4:20 of 3rd period - Adam Henrique wins face-off versus Brad Marchand in Stars zone.
4:33 of 3rd period - Snap shot by Brad Marchand.
4:33 of 3rd period - Stopped by Thomas Greiss without a rebound.
4:34 of 3rd period - Brandon Sutter wins face-off versus Patrice Bergeron in Stars zone.
4:34 of 3rd period - Brandon Sutter is hit by Brad Marchand.
5:16 of 3rd period - Dylan Strome is hit by Alexander Edler and loses puck.
5:52 of 3rd period - Slapshot by Mikko Rantanen.
5:52 of 3rd period - Stopped by Linus Ullmark without a rebound.
5:53 of 3rd period - Patrice Bergeron wins face-off versus Ryan Strome in Wild zone.
6:10 of 3rd period - Wrist shot by Brad Marchand.
6:10 of 3rd period - Stopped by Thomas Greiss with a rebound.
6:43 of 3rd period - Wrist shot by Patrice Bergeron.
6:43 of 3rd period - Stopped by Thomas Greiss without a rebound.
6:44 of 3rd period - Jack Eichel wins face-off versus Adam Henrique in Stars zone.
7:15 of 3rd period - Off-side.
7:16 of 3rd period - Paul Byron wins face-off versus William Nylander in neutral zone.
7:21 of 3rd period - Wrist shot by Dylan Strome.
7:21 of 3rd period - Stopped by Linus Ullmark with a rebound.
7:31 of 3rd period - Snap shot by William Nylander.
7:31 of 3rd period - Stopped by Thomas Greiss without a rebound.
7:32 of 3rd period - Adam Henrique wins face-off versus Jack Eichel in Stars zone.
7:39 of 3rd period - Snap shot by Thomas Chabot.
7:39 of 3rd period - Shot Misses the Net.
7:41 of 3rd period - Slapshot by Chris Tanev.
7:41 of 3rd period - Shot Misses the Net.
7:43 of 3rd period - Snap shot by Joe Thornton.
7:43 of 3rd period - Shot Misses the Net.
7:45 of 3rd period - Wrist shot by J.T. Compher.
7:45 of 3rd period - Deflect By Joe Thornton.
7:45 of 3rd period - Stopped by Linus Ullmark without a rebound.
7:46 of 3rd period - Patrice Bergeron wins face-off versus Ryan Strome in Wild zone.
8:05 of 3rd period - Marc Staal is hit by Patrice Bergeron.
8:15 of 3rd period - Snap shot by Joe Thornton.
8:15 of 3rd period - Stopped by Linus Ullmark without a rebound.
8:16 of 3rd period - Jack Eichel wins face-off versus Adam Henrique in Wild zone.
8:43 of 3rd period - Dylan Strome is hit by Patrice Bergeron and loses puck.
8:48 of 3rd period - Wrist shot by Patrice Bergeron.
8:48 of 3rd period - Stopped by Thomas Greiss with a rebound.
8:50 of 3rd period - Slapshot by Brad Marchand.
8:50 of 3rd period - Shot Blocked by Luke Witkowski.
8:52 of 3rd period - Wrist shot by Elias Lindholm.
8:52 of 3rd period - Stopped by Thomas Greiss with a rebound.
9:06 of 3rd period - Ryan Strome is hit by Alexander Edler and loses puck.
9:39 of 3rd period - Thomas Chabot is hit by Adrian Kempe and loses puck.
9:50 of 3rd period - Snap shot by Nikita Kucherov.
9:50 of 3rd period - Shot Misses the Net.
10:06 of 3rd period - Snap shot by Brad Marchand.
10:06 of 3rd period - Shot Misses the Net.
10:08 of 3rd period - Wrist shot by Brayden McNabb.
10:08 of 3rd period - Shot Blocked by Alec Martinez.
11:45 of 3rd period - Marc Staal is hit by Brad Marchand and loses puck.
12:44 of 3rd period - Wrist shot by Chris Tierney.
12:44 of 3rd period - Stopped by Thomas Greiss with a rebound.
13:09 of 3rd period - Wrist shot by Paul Byron.
13:09 of 3rd period - Shot Misses the Net.
13:11 of 3rd period - Slapshot by Marc Staal.
13:11 of 3rd period - Goal by Marc Staal - Stars : 6 - Wild : 0.
13:12 of 3rd period - Patrice Bergeron wins face-off versus Ryan Strome in neutral zone.
14:27 of 3rd period - Slapshot by Nikita Kucherov.
14:27 of 3rd period - Shot Blocked by Alec Martinez.
14:29 of 3rd period - Slapshot by Devon Toews.
14:29 of 3rd period - Shot Blocked by Mikko Rantanen.
14:31 of 3rd period - Slapshot by Devon Toews.
14:31 of 3rd period - Shot Blocked by Ryan Strome.
14:33 of 3rd period - Wrist shot by Adrian Kempe.
14:33 of 3rd period - Stopped by Thomas Greiss without a rebound.
14:34 of 3rd period - Adam Henrique wins face-off versus Patrice Bergeron in Stars zone.
15:44 of 3rd period - Mario Ferraro is hit by Luke Witkowski and loses puck.
16:14 of 3rd period - Elias Lindholm is hit by Colin Blackwell and loses puck.
16:35 of 3rd period - Snap shot by Jack Eichel.
16:35 of 3rd period - Shot Misses the Net.
16:37 of 3rd period - Wrist shot by Nikita Kucherov.
16:37 of 3rd period - Goal by Nikita Kucherov - Stars : 6 - Wild : 1.
16:38 of 3rd period - Patrice Bergeron wins face-off versus Ryan Strome in neutral zone.
16:41 of 3rd period - Wrist shot by Brad Marchand.
16:41 of 3rd period - Deflect By Mikko Rantanen.
16:41 of 3rd period - Stopped by Thomas Greiss with a rebound.
16:43 of 3rd period - Slapshot by Mattias Ekholm.
16:43 of 3rd period - Shot Misses the Net.
16:45 of 3rd period - Wrist shot by Brad Marchand.
16:45 of 3rd period - Stopped by Thomas Greiss without a rebound.
16:46 of 3rd period - Brendan Gallagher wins face-off versus Patrice Bergeron in Stars zone.
16:51 of 3rd period - Slapshot by Ryan Strome.
16:51 of 3rd period - Shot Hit the Post.
17:31 of 3rd period - Snap shot by Patrice Bergeron.
17:31 of 3rd period - Stopped by Thomas Greiss without a rebound.
17:32 of 3rd period - Adam Henrique wins face-off versus Jack Eichel in Stars zone.
18:20 of 3rd period - Wrist shot by Devon Toews.
18:20 of 3rd period - Stopped by Thomas Greiss with a rebound.
18:22 of 3rd period - Slapshot by Nic Petan.
18:22 of 3rd period - Stopped by Thomas Greiss with a rebound.
18:24 of 3rd period - Wrist shot by Nic Petan.
18:24 of 3rd period - Stopped by Thomas Greiss with a rebound.
18:26 of 3rd period - Slapshot by Devon Toews.
18:26 of 3rd period - Deflect By Chris Tierney.
18:26 of 3rd period - Stopped by Thomas Greiss without a rebound.
18:27 of 3rd period - Adam Henrique wins face-off versus Chris Tierney in Stars zone.
18:27 of 3rd period - Adam Henrique is hit by Mattias Ekholm.
18:45 of 3rd period - Wrist shot by Pat Maroon.
18:45 of 3rd period - Stopped by Thomas Greiss without a rebound.
18:46 of 3rd period - Patrice Bergeron wins face-off versus Brendan Gallagher in Stars zone.
19:13 of 3rd period - Chris Tanev is hit by Nikita Kucherov.
19:25 of 3rd period - Backhand shot by Nikita Kucherov.
19:25 of 3rd period - Shot Misses the Net.
Goals for this period are 1 for Stars vs 1 for Wild.
Shots for this period are 7 for Stars vs 22 for Wild. Output by the SimonT Hockey Simulator (STHS) for Alexandre Lamarre - Original Page W3C HTML5 Valid
Hockey Simulator - Hockey Simulation - Hockey Manager